 Dungeon Crawl Stone Soup version 0.30.0-5-g1a98f26d00 (webtiles) character file.

Game seed: 11067194319684911716

4312 SeerSkye the Cleaver (level 10, -10/90 (93) HPs)
             Began as a Minotaur Fighter on May 10, 2023.
             Was a Priest of Cheibriados.
             Mangled by a death yak (16 damage)
             ... on level 8 of the Dungeon.
             The game lasted 00:06:56 (5367 turns).

SeerSkye the Cleaver (Minotaur Fighter)             Turns: 5367, Time: 00:06:57

HP:   -10/90 (93)   AC: 14    Str: 34    XL:     10   Next: 11%
MP:   12/12         EV:  9    Int: 13    God:    Cheibriados [***...]
Gold: 515           SH:  5    Dex: 17    Spells: 9/9 levels left

rFire   . . .        a - +0 war axe
rCold   . . .        c - +0 buckler
rNeg    . . .        d - +0 chain mail
rPois   .            (helmet restricted)
rElec   .            (no cloak)
rCorr   .            (no gloves)
SInv    +            k - +0 pair of boots
Will    .....        (no amulet) Stlth
                     g - ring of see invisible
HPRegen 0.35/turn    j - +4 ring of protection
MPRegen 0.13/turn

%: no passive effects
@: lightly drained, very slow
A: horns 2, retaliatory headbutt
a: Renounce Religion, Bend Time, Temporal Distortion


You were on level 8 of the Dungeon.
You worshipped Cheibriados.
Cheibriados was most pleased with you.
You visited 2 branches of the dungeon, and saw 9 of its levels.

You collected 515 gold pieces.

Inventory:

Hand Weapons
 a - a +0 war axe (weapon)
Missiles
 l - a throwing net
 z - 4 javelins (quivered)
 F - 4 curare-tipped darts
Armour
 c - a +0 buckler (worn)
 d - a +0 chain mail (worn)
 k - a +0 pair of boots (worn)
Jewellery
 g - a ring of see invisible (left hand)
 j - a +4 ring of protection (right hand)
 t - a ring of fire
 v - an amulet of magic regeneration
Wands
 f - a wand of light (5)
 h - a wand of mindburst (14)
 i - a wand of flame (8)
 D - a wand of roots (14)
Scrolls
 m - 2 scrolls of immolation
 n - a scroll of fear {unknown}
 p - 6 scrolls of teleportation
 u - a scroll of enchant armour {unknown}
 x - a scroll of poison {unknown}
 y - a scroll of silence {unknown}
 B - 2 scrolls of magic mapping {unknown}
 C - 2 scrolls of fog {unknown}
 E - a scroll of vulnerability {unknown}
Potions
 b - a potion of lignification
 e - 5 potions of curing {@q1}
 o - 2 potions of attraction
 q - a potion of heal wounds {@q2}
 r - 2 potions of flight
 s - a potion of resistance
 w - a potion of degeneration {unknown}
 A - a potion of brilliance


   Skills:
 + Level 10.2 Fighting
 * Level 13.5 Axes
 - Level 3.6 Armour
 - Level 3.6 Shields
 + Level 4.9 Invocations


You had 9 spell levels left.
You didn't know any spells.
Your spell library contained the following spells:

 Spells                   Type           Power      Damage    Failure   Level
 Beastly Appendage        Tmut           0%         N/A       77%         1
 Magic Dart               Conj           0%         1d3       77%         1
 Sting                    Tmut/Pois      0%         1d3       77%         1
 Call Imp                 Summ           0%         N/A       88%         2
 Ensorcelled Hibernation  Hex/Ice        0%         N/A       88%         2
 Passwall                 Tmut/Erth      0%         N/A       88%         2
 Scorch                   Fire           0%         2d5       88%         2
 Wereblood                Tmut           0%         N/A       88%         2
 Ignite Poison            Fire/Tmut/Pois 0%         N/A       98%         3
 Mephitic Cloud           Conj/Pois/Air  0%         N/A       98%         3
 Spider Form              Tmut/Pois      0%         N/A       98%         3
 Swiftness                Air            0%         N/A       98%         3
 Flame Wave               Conj/Fire      0%         2d4       100%        4
 Sticky Flame             Conj/Fire      0%         2d3       100%        4
 Borgnjor's Vile Clutch   Necr/Erth      0%         N/A       100%        5
 Fireball                 Conj/Fire      0%         3d3       100%        5
 Iron Shot                Conj/Erth      0%         9d1       100%        6
 Summon Cactus Giant      Summ           0%         N/A       100%        6
 Ignition                 Fire           0%         3d3       100%        8


Dungeon Overview and Level Annotations

Branches:
Dungeon (8/15) Zot: 40479  Temple (1/1) D:4 Zot: 8933
   Lair: D:8-11

Altars:
Cheibriados
Dithmenos
Fedhas
Gozag
Nemelex Xobeh
Okawaru
Qazlal
Ru
Sif Muna
Trog
Uskayaw
Vehumet
Wu Jian
Zin
The Shining One

Shops:
D:2 :   D:7 =


Innate Abilities, Weirdness & Mutations

You have a pair of horns on your head.
You reflexively headbutt those who attack you in melee.


Message History

The death yak is heavily wounded.
The death yak gores you!
You completely miss the death yak.
The death yak is heavily wounded.
You hit the death yak.
You headbutt the death yak, but do no damage.
The death yak is heavily wounded.
The death yak gores you!!
* * * LOW HITPOINT WARNING * * *
You are too injured to fight recklessly!
Unknown command.
You slash the death yak!
The death yak is heavily wounded.
You block the death yak's attack.
You slash the death yak!
The death yak is severely wounded.
The death yak gores you but does no damage.
You slice the death yak!!
You headbutt the death yak, but do no damage.
The death yak is almost dead.
The death yak closely misses you.
You completely miss the death yak.
The death yak is almost dead.
The death yak closely misses you. You furiously retaliate!
You headbutt the death yak!
You kill the death yak!
Cheibriados appreciates the change of pace.
Cheibriados raises the support of your attributes as your movement slows.
You have reached level 10!
(D) Dungeon (T) Temple
Where to? (Enter - D:8, ? - help)
You climb downwards.
The steam dragon hisses angrily.
The hell rat bites you!
* * * LOW HITPOINT WARNING * * *
You feel drained.
* * * LOW HITPOINT WARNING * * *
The hell rat closely misses you. You furiously retaliate!
You headbutt the hell rat! The yak barely misses you. The death yak gores you!
You die...

....... (......
⌠..... ....# .
########...##..
...............
#..YrYr.....
#..r@.......
#..#....r...#
#. #.....r..#
..........
...........
.......Y..r#
........o.oDo
...####.......


You could see a death yak, 2 yaks, a steam dragon, 2 hell rats, 2 river rats, 3
orcs, a quokka and a rat.

Vanquished Creatures
  A death yak (D:7)
  Joseph (D:7)
  A wraith (D:7)
  6 yaks (D:7)
  2 steam dragons (D:7)
  A water moccasin (D:7)
  Duvessa (D:5)
  A sky beast (D:6)
  2 black bears (D:7)
  2 ice beasts
  An ogre (D:7)
  A kobold brigand (D:7)
  Blork the orc (D:6)
  4 bullfrogs (D:7)
  2 scorpions (D:6)
  Dowan (D:5)
  2 vampire bats (D:6)
  A howler monkey (D:6)
  A jelly (D:6)
  5 hounds
  A gnoll bouda (D:7)
  3 orc priests
  2 orc wizards
  5 iguanas
  13 gnolls
  2 adders
  3 white imps
  2 ufetubi (D:6)
  2 worms
  4 dart slugs
  15 orcs
  7 bats
  8 endoplasms
  3 giant cockroaches
  6 goblins
  9 hobgoblins
  6 jackals
  7 quokkas
  7 ball pythons
  A frilled lizard (D:2)
  8 kobolds
  7 rats
158 creatures vanquished.

Vanquished Creatures (others)
  A gnoll (D:7)
  An orc (D:7)
2 creatures vanquished.

Grand Total: 160 creatures vanquished

Notes
Turn   | Place    | Note
-------+----------+-------------------------------------------
     0 | D:1      | SeerSkye the Minotaur Fighter began the quest for the Orb.
     0 | D:1      | Reached XP level 1. HP: 19/19 MP: 0/0
   113 | D:1      | Reached skill level 3 in Axes
   212 | D:1      | Reached XP level 2. HP: 27/27 MP: 1/1
   290 | D:1      | Got the Verses on Earth and Percussion
   727 | D:2      | Reached XP level 3. HP: 33/33 MP: 2/2
   739 | D:2      | Reached skill level 4 in Axes
   801 | D:2      | Found Ovent's Book Shop.
  1195 | D:3      | Reached XP level 4. HP: 39/41 MP: 3/3
  1230 | D:3      | Reached skill level 5 in Axes
  1293 | D:3      | Found a faded altar of an unknown god.
  1347 | D:3      | Got Plato's Omnibus of the Spider
  1437 | D:3      | Reached XP level 5. HP: 47/47 MP: 4/4
  1461 | D:3      | Reached skill level 5 in Fighting
  1563 | D:3      | Found a sacrificial altar of Ru.
  1565 | D:3      | Found a radiant altar of Vehumet.
  2375 | D:4      | Found a stormy altar of Qazlal.
  2381 | D:4      | Reached skill level 6 in Axes
  2458 | D:4      | Found a staircase to the Ecumenical Temple.
  2471 | Temple   | Entered the Ecumenical Temple
  2496 | Temple   | Became a worshipper of Cheibriados the Contemplative
  2780 | D:5      | Entered Level 5 of the Dungeon
  2854 | D:5      | Reached XP level 6. HP: 56/56 MP: 5/5
  2931 | D:5      | Noticed an ice beast
  2937 | D:5      | Killed an ice beast
  2938 | D:5      | Reached skill level 7 in Axes
  2952 | D:5      | Noticed Dowan
  2952 | D:5      | Noticed Duvessa
  2964 | D:5      | Killed Duvessa
  2965 | D:5      | Killed Dowan
  2966 | D:5      | Reached XP level 7. HP: 46/63 MP: 6/6
  3204 | D:5      | Found a bloodstained altar of Trog.
  3293 | D:6      | Reached skill level 8 in Axes
  3344 | D:6      | Reached * piety under Cheibriados
  3399 | D:6      | Noticed Blork the orc
  3405 | D:6      | Reached skill level 9 in Axes
  3409 | D:6      | Killed Blork the orc
  3482 | D:6      | Reached XP level 8. HP: 71/73 MP: 7/7
  3531 | D:6      | Found a shadowy altar of Dithmenos.
  3663 | D:6      | Reached skill level 10 in Axes
  3792 | D:6      | Reached ** piety under Cheibriados
  4025 | D:7      | Reached skill level 1 in Invocations
  4028 | D:7      | Reached skill level 11 in Axes
  4034 | D:7      | Reached XP level 9. HP: 12/82 MP: 5/9
  4241 | D:7      | Reached *** piety under Cheibriados
  4242 | D:7      | Reached skill level 12 in Axes
  4247 | D:7      | Found Zudyuclee's One-of-a-Kind Rings.
  4469 | D:7      | Noticed Joseph
  4487 | D:7      | Killed Joseph
  4768 | D:7      | Reached skill level 13 in Axes
  5182 | D:7      | Reached skill level 10 in Fighting
  5347 | D:8      | Noticed a death yak
  5350 | D:8      | Noticed a death yak
  5365 | D:7      | Killed a death yak
  5366 | D:7      | Reached XP level 10. HP: 19/93 MP: 12/12
  5367 | D:8      | Mangled by a death yak

Illustrated notes

Levels and vault maps discovered:
D:1:      wander_arrival_chamber, layout_basic, minmay_hedge_maze,
          minmay_split_cup_small
D:2:      layout_loops_ring, serial_shops, shop, minmay_hexomino_u4
D:3:      wad_woods_tower, layout_basic, overflow_temple_1_default,
          vehumet_altar_wand_db, shapermc_ecumenical_altar_rom_forum
D:4:      layout_layer_cave, amcnicky_altar_gilded, minmay_temple_entry_slanted,
          grunt_decor_arrowhead
D:5:      layout_gridville, overflow_temple_1_default, nrook_loot_triangle,
          uniq_duvessa
D:6:      layout_basic, grunt_dithmenos_smoke, roderic_batcave,
          kennysheep_flooded_box, uniq_blork_the_orc
D:7:      layout_basic, nicolae_shop_unique_rings, grunt_ministairs_7,
          grunt_potential, uniq_joseph
D:8:      minmay_bloctagon_deflated, layout_cave_pools, kiku_gazebo_pond_becter,
          mainiacjoe_overflow_alcove_1, dpeg_lair_monsters, serial_shops, shop,
          uniq_psyche
Temple:   nicolae_temple_bog_church

Skill      XL: |  1  2  3  4  5  6  7  8  9 |
---------------+----------------------------+-----
Axes           | 3 4 5 6 7 9 11 13 | 13.5
Fighting       | 4 5 6 7 8 10 | 10.2
Invocations    | 2 4 |  4.9
Armour         | |  3.6
Shields        | |  3.6

Action                     |  1- 3 |  4- 6 |  7- 9 | 10-12 || total
---------------------------+-------+-------+-------+-------++-------
  Melee: War axe           |    75 |    87 |   195 |       ||   357
         Headbutt          |     7 |    13 |    33 |       ||    53
 Invoke: Bend Time         |       |       |     2 |       ||     2
    Use: Potion            |     1 |     1 |     1 |       ||     3
         Scroll            |       |     9 |     1 |       ||    10
 Armour: Scale mail        |    27 |     5 |       |       ||    32
         Chain mail        |       |    38 |   146 |       ||   184
  Dodge: Dodged            |    43 |    32 |    78 |     2 ||   155
  Block: Buckler           |     9 |    21 |    58 |       ||    88
